 Dungeon Crawl Stone Soup version 0.31-a0-1074-g0b22e4e0f1 (webtiles) character file.

Game seed: 2984631312772351534

406 timneilson the Ruffian (level 6, -3/42 HPs)
             Began as an Octopode Shapeshifter on Dec 2, 2023.
             Killed from afar by Dowan (14 damage)
             ... with a shard of ice
             ... on level 4 of the Dungeon.
             The game lasted 00:05:48 (3520 turns).

timneilson the Ruffian (Octopode Shapeshifter)      Turns: 3520, Time: 00:05:49

Health: -3/42      AC:  1    Str: 16    XL:     6   Next: 87%
Magic:  6/6        EV: 13    Int: 12    God:
Gold:   221        SH:  0    Dex: 11    Spells: 5/5 levels left

rFire   . .          .
                       - Unarmed
rCold   . . .        (no shield)
rNeg    . . .        (helmet currently unavailable)
rPois   .            (no amulet)
rElec   .            g - ring of willpower
rCorr   .            (no ring)
SInv    .            (no ring)
Will    +....        (no ring)
Stlth   +++          (no ring)
HPRegen 0.27/turn    (no ring)
MPRegen 0.10/turn    (no ring)
                     (no ring)

%: no passive effects
@: lethally poisoned (-3 -> -25), beast-form
A: beast (slay +2), almost no armour, amphibious, 8 rings, camouflage 1,
gelatinous body 1, (nimble swimmer 1), tentacles
a: Begin Untransformation


You were on level 4 of the Dungeon.
You were a hulking beast.
You visited 1 branch of the dungeon, and saw 4 of its levels.

You collected 221 gold pieces.

Inventory:

Jewellery
 g - a ring of willpower (left tentacle)
Talismans
 b - a beast talisman
 c - a flux talisman
Scrolls
 a - a scroll of immolation {unknown}
 j - 2 scrolls of teleportation
 k - a scroll of poison
 m - a scroll of fear {unknown}
Potions
 e - a potion of mutation {unknown}
 f - a potion of magic {unknown}
 h - 2 potions of resistance
 i - 4 potions of curing {unknown}
 l - a potion of lignification


   Skills:
 * Level 3.1 Fighting
 * Level 3.6 Dodging
 + Level 2.9 Stealth
 * Level 4.3 Unarmed Combat
 * Level 4.2 Shapeshifting


You had 5 spell levels left.
You didn't know any spells.
Your spell library contained the following spells:

 Spells                   Type           Power      Damage    Failure   Level
 Freeze                   Ice            0%         1d3       32%         1
 Frozen Ramparts          Ice            0%         1d1       69%         3
 Hailstorm                Conj/Ice       0%         3d3       69%         3


Dungeon Overview and Level Annotations

Branches:
Dungeon (4/15)
 Temple: D:4-7

Altars:
Ashenzari
Dithmenos
Makhleb
Trog
Vehumet
Xom
Yredelemnul
Zin

Shops:
D:2 :

Annotations:
D:4 Dowan


Innate Abilities, Weirdness & Mutations

You are a hulking beast.
Your limbs bulge with bestial killing power. (Slay +2)
You cannot wear most types of armour.
You are amphibious.
You can wear up to eight rings at the same time.
Your skin changes colour to match your surroundings (Stealth+).
Your rubbery body absorbs attacks. (AC +1, EV +1)
((You are camouflaged when in or above water. (Stealth+)))
You have tentacles for arms and can constrict up to eight enemies at once.


Message History

You constrict Duvessa.
Dowan gestures at Duvessa while chanting.
Duvessa seems to speed up.
Duvessa barely misses you.
You tentacle-slap Duvessa but do no damage.
Duvessa is moderately wounded.
You constrict Duvessa.
Duvessa says, "When magic and the sword combine, nothing stands against them."
Duvessa hits you with a +1 short sword of venom!
You tentacle-slap Duvessa.
Duvessa is moderately wounded.
You constrict Duvessa.
Duvessa struggles to escape constriction.
You tentacle-slap Duvessa.
Duvessa is heavily wounded.
You constrict Duvessa, but do no damage.
Duvessa hits you with a +1 short sword of venom!
Dowan hits you with a +0 dagger.
Duvessa hits you with a +1 short sword of venom!
You are poisoned.
You feel much better.
You constrict Duvessa.
You feel very sick. Dowan hits you with a +0 dagger.
Duvessa hits you with a +1 short sword of venom.
You are more poisoned.
You tentacle-slap Duvessa. You squeeze Duvessa.
Duvessa is almost dead.
You constrict Duvessa.
You feel very sick. Duvessa misses you. Dowan hits you with a +0 dagger.
Duvessa hits you with a +1 short sword of venom.
You are lethally poisoned!
You tentacle-slap Duvessa.
You kill Duvessa!
Dowan's eyes darken. "You have made a grave mistake."
Dowan seems to find hidden reserves of power!
* * * LOW HITPOINT WARNING * * *
You feel extremely sick. Dowan casts a spell at you. The shard of ice hits you!
You die...

###.... ### ###......
..# #_....... #.#
##########. ## #.#
##.....## ##
##.##.###.......## #
##.....##.........###
#.......'.........'..
##..h####.........###
##e)# ##.......####
##.# ##...>.###.. #.#
##...## #.# #.# ##'##
#.# #.# #.# #.# #.#
#.# #.# #####.####
##.## #.#
#........####...##
#..


You could see Dowan (fast).

Vanquished Creatures
  Duvessa (D:4)
  An ice beast (D:3)
  A scorpion (D:4)
  A howler monkey (D:4)
  2 jellies (D:4)
  Natasha (thrice) (D:2)
  An adder (D:2)
  A dart slug (D:2)
  10 orcs
  5 bats
  7 endoplasms
  3 giant cockroaches
  4 goblins
  6 hobgoblins
  3 quokkas
  3 ball pythons
  2 frilled lizards
  4 kobolds
  8 rats
  A spectral orc (D:3)
67 creatures vanquished.

Notes
Turn   | Place    | Note
-------+----------+-------------------------------------------
     0 | D:1      | timneilson the Octopode Shapeshifter began the quest for
                  | the Orb.
     0 | D:1      | Reached XP level 1. HP: 13/13 MP: 1/1
   183 | D:1      | Reached XP level 2. HP: 16/18 MP: 2/2
   531 | D:1      | You fall into a shaft and drop 1 floor!
   643 | D:2      | Reached XP level 3. HP: 23/23 MP: 3/3
   987 | D:2      | Found a faded altar of an unknown god.
   995 | D:2      | Reached skill level 1 in Stealth
  1061 | D:2      | Found Temottar's Book Emporium.
  1292 | D:2      | Noticed Natasha
  1297 | D:2      | Killed Natasha
  1298 | D:2      | Reached XP level 4. HP: 24/29 MP: 4/4
  1340 | D:2      | Noticed Natasha
  1343 | D:2      | Killed Natasha
  1473 | D:2      | Noticed Natasha
  1483 | D:2      | Killed Natasha
  1484 | D:2      | Reached XP level 5. HP: 15/34 MP: 5/5
  1851 | D:3      | Found a basalt altar of Yredelemnul.
  1958 | D:3      | Noticed an ice beast
  1974 | D:3      | Killed an ice beast
  2097 | D:3      | Reached XP level 6. HP: 41/41 MP: 6/6
  2145 | D:3      | Found a faded altar of an unknown god.
  2149 | D:3      | Found a burning altar of Makhleb.
  2948 | D:4      | Noticed Dowan
  3076 | D:4      | Found a shimmering altar of Xom.
  3266 | D:4      | Found a bloodstained altar of Trog.
  3270 | D:4      | Found a shadowy altar of Dithmenos.
  3272 | D:4      | Found a radiant altar of Vehumet.
  3286 | D:4      | Found a glowing silver altar of Zin.
  3294 | D:4      | Found a broken altar of Ashenzari.
  3511 | D:4      | Noticed Duvessa
  3520 | D:4      | Killed Duvessa
  3520 | D:4      | Killed from afar by Dowan

Illustrated notes

Levels and vault maps discovered:
D:1:      dpeg_arrival_rooms_b, layout_loops_ring
D:2:      layout_loops_corners, serial_shops, nicolae_shop_trees,
          serial_aquarium, aquarium_bridge_straight [aquarium_subvault_bridge,
          aquarium_subvault_balcony, aquarium_subvault_bridge,
          aquarium_subvault_window], aquarium_bridge_square
          [aquarium_subvault_bridge, aquarium_subvault_wall,
          aquarium_subvault_bridge, aquarium_subvault_window],
          aquarium_window_1, aquarium_window_1, aquarium_window_fake,
          aquarium_window_2, aquarium_view_2a, aquarium_balcony_3b,
          ebering_ecumenical_altar_box, uniq_natasha
D:3:      layout_basic, yredelemnul_forgotten_temple_becter,
          nicolae_overflow_ecumenical_swirl, nrook_mini_backslash,
          amcnicky_mini_corridor_feature, corexii_leaking_fountain
D:4:      layout_loops_corners, overflow_temple_1_default,
          minmay_overflow_temple_star_hex, uniq_duvessa

Skill      XL: |  1  2  3  4  5  6 |
---------------+-------------------+-----
Stealth        | 1 2 |  2.9
Fighting       | 2 3 |  3.1
Dodging        | 3 |  3.6
Unarmed Combat | 4 |  4.3
Shapeshifting  | 4 |  4.2

Action                     |  1- 3 |  4- 6 || total
---------------------------+-------+-------++-------
  Melee: Unarmed           |    71 |    78 ||   149
         Constrict         |    21 |    14 ||    35
         Punch             |     3 |     3 ||     6
         Tentacles         |     7 |    16 ||    23
    Use: Scroll            |       |     4 ||     4
         Potion            |       |     3 ||     3
   Stab: Sleeping          |     8 |     6 ||    14
 Armour: Skin              |    16 |    30 ||    46
  Dodge: Dodged            |    41 |    33 ||    74

Table legend: (Time is in decaauts)
 A = Elapsed time spent in this place.
 B = Non-inter-level travel time spent in this place.
 C = Inter-level travel time spent in this place.
 D = Time resting spent in this place.
 E = Time spent auto-exploring this place.
 F = Levels seen in this place.
 G = Mean time per level.
                   A        B        C        D        E       F      G
               +--------+--------+--------+--------+--------+-----+--------+
         Total |   3508 |   3398 |    110 |     82 |   2539 |   4 |  877.0 |
       Dungeon |   3508 |   3398 |    110 |     82 |   2539 |   4 |  877.0 |
               +--------+--------+--------+--------+--------+-----+--------+

Top non-repeatable levels by time:
     D:2: 1077 daAuts
     D:4: 1024 daAuts
     D:1: 746 daAuts
     D:3: 659 daAuts
